| TOP OF THE 1ST |
|
Florida State University Seminoles batting - Pitching for Louisiana State University Tigers : LHP Nate Dawn
|
|
Pitching: LHP Nate Dawn
|
|
|
Batting: RHB Butch Huskey
|
0-0: Called Strike 0-1: Called Strike 0-2: Fly out, F8 (Flyball, 8LD, EV 91.2 MPH)
|
|
Batting: RHB David Lucarelli
|
0-0: Ball 1-0: Foul Ball, location: 2F 1-1: Foul Ball, location: 2F 1-2: Strikes out swinging
|
|
Batting: RHB Ed Vilches
|
0-0: Swinging Strike 0-1: Called Strike 0-2: Ball 1-2: Ball 2-2: Ball 3-2: Foul Ball, location: 2F 3-2: Strikes out looking
|
| Top of the 1st over - 0 runs, 0 hits, 0 errors, 0 left on base; Florida State University 0 - Louisiana State University 0 |
| BOTTOM OF THE 1ST |
|
Louisiana State University Tigers batting - Pitching for Florida State University Seminoles : LHP Lauro Calabresi
|
|
Pitching: LHP Lauro Calabresi
|
|
|
Batting: LHB Elijah Mallandain
|
0-0: Ball 1-0: Swinging Strike 1-1: Ball 2-1: Called Strike 2-2: Ball 3-2: Strikes out swinging
|
|
Batting: RHB Winston Vasquez
|
0-0: Called Strike 0-1: Ball 1-1: Ball 2-1: Ball 3-1: Base on Balls
|
|
Batting: RHB Stewart Walker
|
0-0: Called Strike 0-1: Ball Winston Vasquez is caught stealing 2nd base 2-4 1-1: Ball 2-1: SINGLE (Line Drive, 6M, EV 95.0 MPH)
|
|
Batting: RHB Pete Roberts
|
0-0: Ball 1-0: Ball 2-0: Called Strike Stewart Walker is caught stealing 2nd base 2-4
|
| Bottom of the 1st over - 0 runs, 1 hit, 0 errors, 0 left on base; Florida State University 0 - Louisiana State University 0 |
| TOP OF THE 2ND |
|
Florida State University Seminoles batting - Pitching for Louisiana State University Tigers : LHP Nate Dawn
|
|
Batting: RHB Tony Valdez
|
0-0: Called Strike 0-1: Called Strike 0-2: Ball 1-2: Ball 2-2: Strikes out looking
|
|
Batting: RHB George Smienk
|
0-0: Ball 1-0: Called Strike 1-1: Ball 2-1: Called Strike 2-2: Strikes out looking
|
|
Batting: LHB John Doiron
|
0-0: Called Strike 0-1: Ball 1-1: Called Strike 1-2: Ball 2-2: Strikes out swinging
|
| Top of the 2nd over - 0 runs, 0 hits, 0 errors, 0 left on base; Florida State University 0 - Louisiana State University 0 |
| BOTTOM OF THE 2ND |
|
Louisiana State University Tigers batting - Pitching for Florida State University Seminoles : LHP Lauro Calabresi
|
|
Batting: RHB Pete Roberts
|
0-0: Ball 1-0: Called Strike 1-1: Ball 2-1: Ball 3-1: Called Strike 3-2: Base on Balls
|
|
Batting: RHB Keith Ashton
|
0-0: Ball 1-0: Foul Ball, location: 2F 1-1: SINGLE (Groundball, 4D, EV 96.2 MPH) Pete Roberts to second Runner from 2nd tries for 3rd, SAFE, throw by CF made to third
|
|
Batting: LHB Oscar Rivera
|
0-0: Ball 1-0: Grounds into double play, 4-6-3 (Groundball, 4, EV 90.6 MPH) Pete Roberts scores
|
|
Batting: RHB Peter Turcotte
|
0-0: Ball 1-0: Ball 2-0: Ball 3-0: Called Strike 3-1: Base on Balls
|
|
Batting: LHB Matt Ellington
|
0-0: Ball Peter Turcotte is caught stealing 2nd base 2-6
|
| Bottom of the 2nd over - 1 run, 1 hit, 0 errors, 0 left on base; Florida State University 0 - Louisiana State University 1 |
| TOP OF THE 3RD |
|
Florida State University Seminoles batting - Pitching for Louisiana State University Tigers : LHP Nate Dawn
|
|
Batting: LHB Matt Stewart
|
0-0: Called Strike 0-1: Fly out, F2 (Popup, 5SF, EV 85.0 MPH)
|
|
Batting: SHB John Welsh
|
0-0: Called Strike 0-1: Ball 1-1: Foul Ball, location: 2F 1-2: Fly out, F3 (Line Drive, 3, EV 70.0 MPH)
|
|
Batting: LHB Brian Clayton
|
0-0: Foul Ball, location: 2F 0-1: Called Strike 0-2: Strikes out swinging
|
| Top of the 3rd over - 0 runs, 0 hits, 0 errors, 0 left on base; Florida State University 0 - Louisiana State University 1 |
| BOTTOM OF THE 3RD |
|
Louisiana State University Tigers batting - Pitching for Florida State University Seminoles : LHP Lauro Calabresi
|
|
Batting: LHB Matt Ellington
|
0-0: Foul Ball, location: 2F 0-1: Ball 1-1: Ball 2-1: SINGLE (Flyball, 4MD, EV 84.4 MPH)
|
|
Batting: LHB Manny Grado
|
0-0: Ball 1-0: Foul Ball, location: 2F 1-1: Foul Ball, location: 2F 1-2: Strikes out swinging
|
|
Batting: LHB Elijah Mallandain
|
0-0: Called Strike 0-1: Ball 1-1: Ball 2-1: Fielders Choice at 2nd, 4-6 (Groundball, 4, EV 101.9 MPH)
|
|
Batting: RHB Winston Vasquez
|
0-0: Called Strike 0-1: Swinging Strike 0-2: Ball 1-2: Strikes out looking
|
| Bottom of the 3rd over - 0 runs, 1 hit, 0 errors, 1 left on base; Florida State University 0 - Louisiana State University 1 |
| TOP OF THE 4TH |
|
Florida State University Seminoles batting - Pitching for Louisiana State University Tigers : LHP Nate Dawn
|
|
Batting: RHB Butch Huskey
|
0-0: Ball 1-0: Ball 2-0: Called Strike 2-1: Ball 3-1: Called Strike 3-2: Foul Ball, location: 2F 3-2: Ground out 3-1 (Groundball, 34, EV 104.4 MPH)
|
|
Batting: RHB David Lucarelli
|
0-0: Ball 1-0: Ball 2-0: Called Strike 2-1: Ground out 2-3 (Groundball, 15S, EV 73.8 MPH)
|
|
Batting: RHB Ed Vilches
|
0-0: Ball 1-0: Foul Ball, location: 2F 1-1: Ball 2-1: Ground out 3-1 (Groundball, 34, EV 87.5 MPH)
|
| Top of the 4th over - 0 runs, 0 hits, 0 errors, 0 left on base; Florida State University 0 - Louisiana State University 1 |
| BOTTOM OF THE 4TH |
|
Louisiana State University Tigers batting - Pitching for Florida State University Seminoles : LHP Lauro Calabresi
|
|
Batting: RHB Stewart Walker
|
0-0: Called Strike 0-1: Fly out, F8 (Flyball, 78S, EV 95.0 MPH)
|
|
Batting: RHB Pete Roberts
|
0-0: Swinging Strike 0-1: Called Strike 0-2: Ball 1-2: Foul Ball, location: 2F 1-2: Strikes out swinging
|
|
Batting: RHB Keith Ashton
|
0-0: Swinging Strike 0-1: Fly out, F4 (Flyball, 4D, EV 85.6 MPH)
|
| Bottom of the 4th over - 0 runs, 0 hits, 0 errors, 0 left on base; Florida State University 0 - Louisiana State University 1 |
| TOP OF THE 5TH |
|
Florida State University Seminoles batting - Pitching for Louisiana State University Tigers : LHP Nate Dawn
|
|
Batting: RHB Tony Valdez
|
0-0: Ball 1-0: Ball 2-0: Called Strike 2-1: Ground out 6-3 (Groundball, 6, EV 86.9 MPH)
|
|
Batting: RHB George Smienk
|
0-0: Foul Ball, location: 2F 0-1: Fly out, F7 (Line Drive, 78M, EV 98.1 MPH)
|
|
Batting: LHB John Doiron
|
0-0: Foul Ball, location: 2F 0-1: Ball 1-1: Ball 2-1: Foul Ball, location: 2F 2-2: Foul Ball, location: 2F 2-2: Ball 3-2: Strikes out swinging
|
| Top of the 5th over - 0 runs, 0 hits, 0 errors, 0 left on base; Florida State University 0 - Louisiana State University 1 |
| BOTTOM OF THE 5TH |
|
Louisiana State University Tigers batting - Pitching for Florida State University Seminoles : LHP Lauro Calabresi
|
|
Batting: LHB Oscar Rivera
|
0-0: Ball 1-0: Foul Ball, location: 2F 1-1: Ball 2-1: DOUBLE (Line Drive, 7LS, EV 92.5 MPH)
|
|
Batting: RHB Peter Turcotte
|
0-0: Ball 1-0: Ground out 6-3 (Groundball, 6, EV 91.9 MPH)
|
|
Batting: LHB Matt Ellington
|
0-0: Swinging Strike 0-1: Fly out, F8 (Flyball, 8RD, EV 93.1 MPH)
|
|
Batting: LHB Manny Grado
|
0-0: Swinging Strike 0-1: Swinging Strike 0-2: Foul Ball, location: 2F 0-2: Strikes out swinging
|
| Bottom of the 5th over - 0 runs, 1 hit, 0 errors, 1 left on base; Florida State University 0 - Louisiana State University 1 |
| TOP OF THE 6TH |
|
Florida State University Seminoles batting - Pitching for Louisiana State University Tigers : LHP Nate Dawn
|
|
Batting: LHB Matt Stewart
|
0-0: Ball 1-0: Fly out, F8 (Line Drive, 89S, EV 93.8 MPH)
|
|
Batting: SHB John Welsh
|
0-0: Ball 1-0: Foul Ball, location: 2F 1-1: Swinging Strike 1-2: Foul Ball, location: 2F 1-2: Strikes out swinging
|
|
Batting: LHB Brian Clayton
|
0-0: Ball 1-0: Ball 2-0: Foul Ball, location: 2F 2-1: Ball 3-1: Ground out 4-3 (Groundball, 4, EV 103.1 MPH)
|
| Top of the 6th over - 0 runs, 0 hits, 0 errors, 0 left on base; Florida State University 0 - Louisiana State University 1 |
| BOTTOM OF THE 6TH |
|
Louisiana State University Tigers batting - Pitching for Florida State University Seminoles : LHP Lauro Calabresi
|
|
Batting: LHB Elijah Mallandain
|
0-0: Ball 1-0: Swinging Strike 1-1: Swinging Strike 1-2: Ball 2-2: Ball 3-2: Base on Balls
|
|
Pitching: RHP Mark Sowders
|
|
|
Batting: RHB Winston Vasquez
|
0-0: Ball Elijah Mallandain steals 2nd base (no throw) 1-0: Ball 2-0: Ball 3-0: Foul Ball, location: 2F 3-1: Base on Balls
|
|
Batting: RHB Stewart Walker
|
0-0: Called Strike 0-1: Fielders Choice at 2nd, 4-6 (Groundball, 34, EV 105.6 MPH) Elijah Mallandain to third
|
|
Batting: RHB Pete Roberts
|
0-0: Called Strike 0-1: Swinging Strike 0-2: Ball 1-2: Grounds into double play, 6-4-3 (Groundball, 6, EV 86.9 MPH)
|
| Bottom of the 6th over - 0 runs, 0 hits, 0 errors, 1 left on base; Florida State University 0 - Louisiana State University 1 |
| TOP OF THE 7TH |
|
Florida State University Seminoles batting - Pitching for Louisiana State University Tigers : LHP Nate Dawn
|
|
Batting: RHB Butch Huskey
|
0-0: Called Strike 0-1: Ball 1-1: Called Strike 1-2: Ground out 4-3 (Groundball, 4, EV 106.9 MPH)
|
|
Batting: RHB David Lucarelli
|
0-0: Fly out, F9 (Line Drive, 89M, EV 93.8 MPH)
|
|
Batting: RHB Ed Vilches
|
0-0: SINGLE (Groundball, 56S, EV 65.0 MPH) (infield hit)
|
|
Pitching: RHP Michael Koppers
|
|
|
Batting: RHB Tony Valdez
|
0-0: Ball 1-0: Fielders Choice at 2nd, 6-4 (Groundball, 6, EV 107.5 MPH)
|
| Top of the 7th over - 0 runs, 1 hit, 0 errors, 1 left on base; Florida State University 0 - Louisiana State University 1 |
| BOTTOM OF THE 7TH |
|
Louisiana State University Tigers batting - Pitching for Florida State University Seminoles : RHP Mark Sowders
|
|
Batting: RHB Keith Ashton
|
0-0: Swinging Strike 0-1: Ball 1-1: Ball 2-1: Ball 3-1: Base on Balls
|
|
Batting: LHB Oscar Rivera
|
0-0: Called Strike 0-1: SINGLE (Groundball, 6M, EV 85.6 MPH) (infield hit) Keith Ashton to second
|
|
Batting: RHB Peter Turcotte
|
0-0: Ball Wild Pitch! Keith Ashton to third Oscar Rivera to second 1-0: Called Strike 1-1: Called Strike 1-2: Foul Ball, location: 2F 1-2: Fly out, F8 (Flyball, 8RM, EV 84.4 MPH) Runner from 3rd tags up, SCORES, throw by CF
|
|
Batting: LHB Matt Ellington
|
0-0: Ball 1-0: Called Strike 1-1: Swinging Strike 1-2: Foul Ball, location: 2F 1-2: Strikes out swinging
|
|
Batting: LHB Manny Grado
|
0-0: Ground out U3 (Groundball, 34, EV 106.9 MPH)
|
| Bottom of the 7th over - 1 run, 1 hit, 0 errors, 1 left on base; Florida State University 0 - Louisiana State University 2 |
| TOP OF THE 8TH |
|
Florida State University Seminoles batting - Pitching for Louisiana State University Tigers : RHP Michael Koppers
|
|
Pinch Hitting: LHB Ethan Ware
|
0-0: Ball 1-0: Swinging Strike 1-1: Ground out 4-3 (Groundball, 4, EV 79.4 MPH)
|
|
Batting: LHB John Doiron
|
0-0: Swinging Strike 0-1: Called Strike 0-2: Ball 1-2: Ball 2-2: Foul Ball, location: 2F 2-2: Strikes out looking
|
|
Batting: LHB Matt Stewart
|
0-0: Ball 1-0: Called Strike 1-1: Called Strike 1-2: Ball 2-2: Strikes out swinging
|
| Top of the 8th over - 0 runs, 0 hits, 0 errors, 0 left on base; Florida State University 0 - Louisiana State University 2 |
| BOTTOM OF THE 8TH |
|
Louisiana State University Tigers batting - Pitching for Florida State University Seminoles : RHP Mark Sowders
|
|
Now at SS: Ethan Ware
|
|
|
Batting: LHB Elijah Mallandain
|
0-0: Ball 1-0: Called Strike 1-1: Swinging Strike 1-2: Foul Ball, location: 2F 1-2: Ball 2-2: Ground out 4-3 (Groundball, 4, EV 84.4 MPH)
|
|
Batting: RHB Winston Vasquez
|
0-0: Foul Ball, location: 2F 0-1: Foul Ball, location: 2F 0-2: SOLO HOME RUN (Flyball, 7D, EV 101.2 MPH), Distance : 403 ft
|
|
Batting: RHB Stewart Walker
|
0-0: Called Strike 0-1: Foul Ball, location: 2F 0-2: Strikes out swinging
|
|
Batting: RHB Pete Roberts
|
0-0: Called Strike 0-1: Ball 1-1: Ground out 4-3 (Groundball, 4, EV 88.1 MPH)
|
| Bottom of the 8th over - 1 run, 1 hit, 0 errors, 0 left on base; Florida State University 0 - Louisiana State University 3 |
| TOP OF THE 9TH |
|
Florida State University Seminoles batting - Pitching for Louisiana State University Tigers : RHP Michael Koppers
|
|
Pitching: LHP Clyde Fisher
|
|
|
Batting: SHB John Welsh
|
0-0: Bunt missed! 0-1: Ball 1-1: Ground out 6-3 (Groundball, 6, EV 84.4 MPH)
|
|
Pinch Hitting: SHB Jason Farr
|
0-0: Foul Ball, location: 2F 0-1: Ball 1-1: Called Strike 1-2: Foul Ball, location: 2F 1-2: Foul Ball, location: 2F 1-2: SINGLE (Line Drive, 6M, EV 98.8 MPH)
|
|
Batting: RHB Butch Huskey
|
0-0: Called Strike Balk! Jason Farr to second 0-1: Swinging Strike 0-2: Ball 1-2: Strikes out swinging
|
|
Batting: RHB David Lucarelli
|
0-0: Ball 1-0: Swinging Strike 1-1: Foul Ball, location: 2F 1-2: Strikes out swinging
|
| Top of the 9th over - 0 runs, 1 hit, 0 errors, 1 left on base; Florida State University 0 - Louisiana State University 3 |
|